 Dungeon Crawl Stone Soup version 0.16.2-12-gd0ad4c3 (webtiles) character file.

35 Charly the Chopper (level 3, -1/30 HPs)
             Began as a Minotaur Gladiator on Aug 25, 2016.
             Slain by an orc priest
             ... wielding a +0 mace
              (5 damage)
             ... on level 4 of the Dungeon.
             The game lasted 00:07:40 (502 turns).

Charly the Chopper (Minotaur Gladiator)              Turns: 502, Time: 00:07:40

Health: -1/30      AC:  1    Str: 19    XL:     3   Next: 16%
Magic:  2/2        EV: 11    Int:  5    God:
Gold:   37         SH:  0    Dex:  9    Spells: 0 memorised, 2 levels left

rFire  . . .     SeeInvis .     a - +0 war axe
rCold  + . .     Clarity  .     i - +0 ring mail
rNeg   . . .     SustAb   .     (no shield)
rPois  .         Gourm    .     c - +0 hat
rElec  .         Spirit   .     (no cloak)
rCorr  .         Warding  .     (no gloves)
rMut   .         Stasis   .     (no boots)
MR     .....                    (no amulet)
Stlth  ..........               (no ring)
                                l - -4 ring of protection (curse)

@: very slightly contaminated, invisible, not resistant to hostile enchantments,
extremely unstealthy
A: retaliatory headbutt, horns 2, blurry vision 1, clumsy 1, cold resistance 1
a: no special abilities


You were on level 4 of the Dungeon.
You were not hungry.

You visited 1 branch of the dungeon, and saw 4 of its levels.

You collected 37 gold pieces.

Inventory:

Hand weapons
 a - a +0 war axe (weapon)
Armour
 b - a +0 leather armour
 c - a +0 hat (worn)
 i - a +0 ring mail (worn)
 m - a -2 scale mail
Jewellery
 l - a cursed -4 ring of protection (left hand)
Scrolls
 o - a scroll of enchant armour {unknown}
Comestibles
 f - a bread ration
 g - a meat ration


   Skills:
 - Level 2.4 Fighting
 + Level 5.2 Axes
 - Level 2.0 Throwing
 - Level 3.2 Dodging


You had 2 spell levels left.
You didn't know any spells.

Dungeon Overview and Level Annotations

Branches:
Dungeon (4/15)
 Temple: D:4-7

Altars:

Annotations:
D:2 Robin


Innate Abilities, Weirdness & Mutations

You reflexively headbutt those who attack you in melee.
You have a pair of horns on your head.
Scrolls take you a little longer to read.
You are clumsy. (Dex -2)
Your flesh is cold resistant.


Message History

* * * LOW HITPOINT WARNING * * *
Drink which item? (? for menu, Esc to quit)
It was a potion of curing.
You feel better. The worker ant barely misses you.
You catch the helpless worker ant completely off-guard!
You hit the worker ant but do no damage.
You see here a throwing net.
You hit the worker ant.
The worker ant is moderately wounded.
The worker ant barely misses you. The worker ant bites you.
* * * LOW HITPOINT WARNING * * *
Unknown command.
You hit the worker ant. You headbutt the worker ant!
The worker ant is almost dead.
The worker ant bites you.
* * * LOW HITPOINT WARNING * * *
Unknown command.
You barely miss the worker ant.
The worker ant is almost dead.
You closely miss the orc priest. The orc priest hits you with a mace.
You die...

#.# #.# .#........###.#
#.# ..# #.#####....#
..# ### #..........#
### ######.....#
#.....# #.....###.#
#.........#
.####.####o....#######
.........@a............
..###.####(#...#######
#..a.......#
.)......###.#...#
.#.#... #.#...# .....
#.#...# ....#.a #.#.#.#
#.##.. #.#.#.# . ...
....#.#


You could see a worker ant and an orc priest.

Vanquished Creatures
  An ooze (D:4)
  4 orcs
  2 giant cockroaches
  5 hobgoblins
  4 jackals (D:4)
  2 kobolds
  A quokka (D:3)
  3 bats
  2 giant newts (D:1)
  2 goblins (D:3)
26 creatures vanquished.

Notes
Turn   | Place    | Note
--------------------------------------------------------------
     0 | D:1      | Charly, the Minotaur Gladiator, began the quest for the Orb.
     0 | D:1      | Reached XP level 1. HP: 18/18 MP: 1/1
    43 | D:1      | Reached skill level 4 in Axes
    99 | D:2      | Noticed Robin
   108 | D:3      | Reached XP level 2. HP: 19/25 MP: 1/1
   163 | D:3      | Reached skill level 5 in Axes
   302 | D:4      | Reached XP level 3. HP: 8/30 MP: 2/2
   496 | D:4      | Gained mutation: Scrolls take you a little longer to read. [potion of mutation]
   496 | D:4      | Gained mutation: You are clumsy. (Dex -2) [potion of mutation]
   496 | D:4      | Gained mutation: Your flesh is cold resistant. [potion of mutation]
   502 | D:4      | Slain by an orc priest

Action                   || total
-------------------------++-------
Melee: War axe           ||    53
Throw: Throwing net      ||     3
  Use: Scroll            ||     1
       Potion            ||     5
 Stab: Invisible         ||     1
  Eat: Fruit             ||     2
